AoeStats
← Ludmintvg

Black Forest

504887615Analyzed
1v1 RM · 27d ago on Sep 6, 2026· 72m 43s· 2 players
Game mode
Random Map
Map size
Tiny (2 player)
Population
200
Speed
Normal
Resources
Standard
Victory
Conquest
Starting age
Dark Age
Ending age
Imperial Age
RankedLock teamsTeams togetherTeam positionsShared explorationLock speedFull tech treeHidden civsTurbo modeCheats
Victory
Defeat
🇨🇴 Khmer · Colombia
856
+17
🇦🇷 Turks · Argentina
882
-17
xXM4X1M4Xx
0:28 Loom
14:13 Feudal Age
18:51 Castle Age
18:41 Wheelbarrow
18:03 Double-Bit Axe
18:52 Horse Collar
21:34 Heavy Plow
24:29 Gold Mining
24:29 Stone Mining
27:53 Stone Mining
33:48 Imperial Age
32:23 Bow Saw
32:36 Elite Skirmisher
33:36 Fortified Wall
34:09 Bloodlines
33:59 Husbandry
35:33 Masonry
35:20 Murder Holes
35:24 Fletching
35:56 Light Cavalry
37:21 Conscription
37:05 Tusk Swords
37:06 Double Crossbow
37:41 Ballistics
37:11 Hussar
42:33 Padded Archer Armor
42:44 Forging
42:30 Bodkin Arrow
42:35 Scale Mail Armor
42:56 Elite Ballista Elephant
44:39 Scale Barding Armor
44:50 Leather Archer Armor
45:19 Cavalier
46:21 Bracer
46:57 Iron Casting
47:26 Chemistry
48:56 Gold Shaft Mining
49:00 Chain Barding Armor
49:11 Ring Archer Armor
51:09 Pikeman
51:34 Arson
52:37 Halberdier
55:38 Blast Furnace
55:14 Plate Barding Armor
56:33 Halberdier
62:24 Hand Cart
62:33 Hand Cart
63:04 Chain Mail Armor
63:28 Architecture
62:48 Heated Shot
Ludmintvg
1:14 Loom
12:40 Feudal Age
13:21 Double-Bit Axe
18:16 Castle Age
16:39 Horse Collar
20:31 Bow Saw
20:24 Heavy Plow
23:39 Wheelbarrow
24:08 Gold Mining
24:08 Stone Mining
29:44 Imperial Age
27:25 Fletching
27:35 Padded Archer Armor
28:26 Bodkin Arrow
28:44 Forging
28:34 Scale Mail Armor
29:34 Gold Shaft Mining
31:22 Bracer
32:22 Conscription
34:57 Hand Cart
34:16 Elite Janissary
35:03 Artillery
36:20 Elite Janissary
37:35 Hoardings
44:01 Bloodlines
43:51 Husbandry
44:29 Iron Casting
44:09 Chain Mail Armor
43:59 Scale Barding Armor
44:09 Leather Archer Armor
44:45 Thumb Ring
49:28 Masonry
48:58 Treadmill Crane
49:16 Murder Holes
49:17 Arrowslits
50:24 Ballistics
62:16 Fortified Wall
62:36 Architecture
65:32 Blast Furnace
65:02 Plate Mail Armor
64:52 Chain Barding Armor
65:44 Town Watch
67:23 Ring Archer Armor
67:14 Chain Barding Armor
Connection lost

Rejoining the realm…

Still unreachable

The connection could not be restored.

Session expired

The server has moved on; the page needs a fresh start.